Map: 2000 Atmospheres LE

Players

A.I. 1 (Very Easy) - Winner!

  • Race: Terran Terran

Jaedolph

  • Race: Terran Terran
  • League: Master

VOD

Have the link to the VOD?

Description

Time

  • Played on: Sept. 24, 2021, 8:18 p.m.
  • Length: 9:09
Show
View Real Time Build Order
Export as new Build Order

A.I. 1 (Very Easy) Terran - Winner!

Build Orders: Reaper Expand 

Get SALT Encoding   

  12  0:00  SCV  
  13  0:13  SCV  
  14  0:18  Supply Depot  
  14  0:43  Barracks  
  14  1:01  Command Center  
  14  1:29  Orbital Command, Supply Depot  
  14  1:31  Marine  
  15  1:35  Refinery  
  15  1:48  Refinery  
  15  1:55  SCV  
  16  2:07  SCV  
  17  2:14  SCV  
  17  2:15  Reaper  
  19  2:21  SCV  
  20  2:28  SCV  
  20  2:35  SCV  
  21  2:37  Refinery  
  21  2:42  SCV  
  22  2:50  SCV  
  23  2:57  SCV  
  24  3:01  Marine  
  24  3:04  SCV  
  26  3:11  SCV  
  27  3:19  Factory, SCV  
  28  3:44  Refinery  
  28  3:45  SCV  
  28  3:46  Marine  
  30  3:52  SCV  
  31  3:57  Supply Depot  
  31  3:59  SCV  
  32  4:06  SCV  
  32  4:07  Starport, Barracks Tech Lab  
  33  4:13  SCV  
  34  4:20  SCV  
  35  4:28  SCV  
  35  4:31  Supply Depot  
  36  4:33  Marauder  
  36  4:35  SCV  
  39  4:42  SCV  
  39  4:45  Starport Tech Lab  
  40  4:49  SCV  
  41  4:57  SCV  
  42  5:04  Raven, SCV  
  45  5:11  SCV  
  46  5:18  Marine, SCV  
  44  5:26  SCV  
  39  5:33  SCV  
  34  5:40  SCV  
  33  5:47  Raven, SCV  
  36  5:54  SCV  
  37  6:02  SCV  
  40  6:04  Marauder  
  40  6:09  SCV  
  41  6:16  SCV  
  41  6:24  SCV  
  42  6:31  SCV  
  43  6:38  SCV  
  44  6:45  SCV  
  45  6:49  Marine  
  45  6:52  SCV  
  47  6:59  SCV  
  48  7:07  SCV  
  49  7:14  SCV  
  50  7:21  SCV  
  50  7:28  SCV  
  51  7:35  Marine  
  52  8:21  Marine  
Show
View Real Time Build Order
Export as new Build Order

Jaedolph Terran 

Build Orders: Liberator Opening, Reaper Expand 

Get SALT Encoding   

  12  0:00  SCV  
  13  0:12  SCV  
  14  0:17  Supply Depot  
  14  0:24  SCV  
  15  0:39  SCV  
  15  0:40  Barracks  
  16  0:46  Refinery  
  16  0:51  SCV  
  17  1:03  SCV  
  18  1:15  SCV  
  19  1:27  Orbital Command  
  19  1:30  Reaper  
  20  1:40  Command Center  
  20  1:47  Supply Depot  
  20  1:53  SCV  
  21  2:02  Marine  
  21  2:06  SCV  
  23  2:11  Factory  
  23  2:14  Refinery  
  23  2:18  SCV  
  24  2:26  Barracks Reactor  
  24  2:31  SCV  
  25  2:43  SCV  
  26  2:52  Orbital Command  
  26  2:55  SCV  
  27  3:07  SCV  
  27  3:10  Hellion x2, Barracks Tech Lab  
  27  3:11  Starport  
  32  3:15  Supply Depot  
  32  3:17  SCV  
  32  3:19  SCV  
  34  3:29  SCV  
  34  3:31  Hellion  
  34  3:32  Hellion, SCV  
  40  3:41  SCV  
  40  3:44  SCV  
  42  3:50  Liberator  
  42  3:51  Stimpack  
  42  3:53  Hellion x2, Supply Depot  
  42  3:54  SCV  
  50  3:56  SCV  
  51  4:06  SCV  
  51  4:08  SCV  
  53  4:16  Command Center  
  53  4:18  SCV  
  53  4:20  SCV  
  53  4:23  Barracks  
  55  4:29  Factory Tech Lab  
  55  4:30  SCV, Barracks  
  56  4:32  SCV  
  56  4:33  Starport Reactor  
  57  4:38  Engineering Bay  
  57  4:39  Engineering Bay  
  57  4:42  SCV  
  57  4:44  SCV, Supply Depot  
  59  4:54  SCV, Refinery  
  59  4:56  Refinery  
  59  4:57  Marine, SCV  
  62  5:05  Terran Infantry Weapons Level 1  
  62  5:06  SCV, Siege Tank  
  66  5:07  Supply Depot  
  66  5:09  SCV  
  67  5:15  Marine x2  
  67  5:16  Marine  
  70  5:24  Starport Reactor  
  70  5:27  SCV  
  70  5:28  Orbital Command  
  71  5:30  Terran Infantry Armor Level 1  
  71  5:33  Combat Shield, Marine x2  
  71  5:34  Marine x2  
  71  5:35  Marine  
  76  5:36  SCV  
  76  5:41  SCV  
  78  5:44  Siege Tank  
  78  5:48  SCV  
  82  5:51  Orbital Command, Marine, Supply Depot  
  82  5:53  SCV  
  82  5:56  Marine x3  
  82  5:57  Marine  
  87  6:03  Supply Depot  
  89  6:04  Supply Depot, SCV  
  89  6:05  Medivac x2  
  93  6:12  Marine  
  93  6:13  SCV  
  93  6:14  Marine  
  93  6:16  Marine x3, SCV  
  100  6:23  SCV  
  100  6:25  SCV, Siege Tank  
  105  6:27  Supply Depot  
  105  6:28  SCV  
  105  6:29  Supply Depot  
  105  6:30  Marine, Supply Depot  
  105  6:32  Marine  
  108  6:34  Marine x2  
  108  6:35  SCV  
  108  6:37  SCV  
  108  6:39  Armory  
  112  6:40  SCV  
  112  6:45  Marine  
  114  6:47  SCV  
  114  6:48  Marine  
  114  6:49  Medivac x2, SCV  
  114  6:50  Marine  
  122  7:00  SCV  
  123  7:02  Supply Depot, SCV x2, Marine x2  
  123  7:03  Marine, Barracks  
  123  7:04  Siege Tank  
  123  7:06  Barracks  
  131  7:09  Marine x2  
  131  7:12  SCV  
  131  7:14  SCV  
  135  7:19  SCV  
  135  7:20  Marine x2  
  138  7:23  Supply Depot  
  138  7:24  Supply Depot  
  138  7:25  Supply Depot  
  138  7:26  Refinery x2  
  138  7:27  SCV  
  138  7:28  Marine  
  138  7:29  Marine x2  
  142  7:30  Medivac x2  
  142  7:32  SCV x2  
  148  7:38  Marine  
  148  7:40  Command Center  
  149  7:45  SCV, Widow Mine  
  149  7:47  Factory  
  149  7:50  Supply Depot  
  152  7:52  SCV  
  152  7:54  Supply Depot  
  152  7:55  Barracks Reactor x2  
  153  8:00  Marine x2, Barracks  
  153  8:01  Marine x3  
  153  8:02  Medivac  
  153  8:03  Medivac  
  153  8:04  Barracks  
  162  8:14  Barracks  
  162  8:18  Marine  
  162  8:19  Marine x3  
  165  8:21  Marauder  
  165  8:22  Widow Mine  
  170  8:36  Marine  
  170  8:41  Marine x3  
  172  8:42  Marine x4  
  172  8:43  Marauder  
  172  8:45  Factory Reactor, Widow Mine  
  182  8:49  SCV  
  182  8:50  SCV  
  182  8:51  Barracks Tech Lab x2  
  194  9:04  Barracks Tech Lab  
Tags
 
Add a new tag
Caveats
  • Supply blocks, unpowered buildings, or Contaminate may cause inaccurate times.
  • Supply counts are checked every 10 seconds.